TOP OF THE 1ST |
Irvine Gang Green batting - Pitching for San Francisco Bandits : LHP Pancho Guerrero
|
Pitching: LHP Pancho Guerrero
|
|
Batting: LHB Jesús Campos
|
0-0: Ball 1-0: Ball 2-0: Ball 3-0: Called Strike 3-1: Called Strike 3-2: Fly out, F7 (Flyball, 78M)
|
Batting: RHB José Salazar
|
0-0: Ball 1-0: Ball 2-0: Ball 3-0: Base on Balls
|
Batting: RHB Buck Jones
|
0-0: DOUBLE (Line Drive, 8RD) José Salazar to third
|
Batting: LHB Víctor Quiñones
|
0-0: Called Strike 0-1: Ball 1-1: Foul Ball, location: 2F 1-2: Ball 2-2: Ball 3-2: Ground out 1-3 (Groundball, 15S)
|
Batting: RHB Eichiro Yamamoto
|
0-0: Ball 1-0: Ball 2-0: Ball 3-0: Base on Balls
|
Batting: LHB Jorge Martínez
|
0-0: Called Strike 0-1: Ball 1-1: Called Strike 1-2: Ball 2-2: Strikes out swinging
|
Top of the 1st over - 0 run(s), 1 hit(s), 0 error(s), 3 left on base; Irvine 0 - San Francisco 0 |
BOTTOM OF THE 1ST |
San Francisco Bandits batting - Pitching for Irvine Gang Green : RHP Jung Chwa
|
Pitching: RHP Jung Chwa
|
|
Batting: RHB Jorge Díaz
|
0-0: Ball 1-0: Ball 2-0: Foul Ball, location: 2F 2-1: Swinging Strike 2-2: DOUBLE (Line Drive, 9D)
|
Batting: LHB Jerry Bryan
|
0-0: Foul Ball, location: 2F 0-1: Ball 1-1: Fly out, F7 (Flyball, 78D)
|
Batting: LHB Mel Jones
|
0-0: Called Strike 0-1: SINGLE (Groundball, 56D) Jorge Díaz to third Runner from 3rd tries for Home, SAFE, throw made home Mel Jones to second
|
Batting: RHB Michael Elliott
|
0-0: Swinging Strike 0-1: Ball 1-1: Called Strike 1-2: Ball 2-2: Ball 3-2: SINGLE (Line Drive, 8LS) Mel Jones to third Runner from 3rd tries for Home, SAFE, no throw
|
Batting: RHB Naomichi Aoki
|
0-0: SINGLE (Groundball, 6MD) Michael Elliott to second Runner from 2nd tries for 3rd, SAFE, no throw
|
Batting: LHB Jack Hewat
|
0-0: Ball Wild Pitch! Michael Elliott scores Naomichi Aoki to second 1-0: Ball 2-0: Ball 3-0: Called Strike 3-1: Base on Balls
|
Batting: LHB Alberto Gómez
|
0-0: Called Strike 0-1: Called Strike 0-2: Strikes out looking
|
Batting: RHB Gustavo Ortíz
|
0-0: Ball 1-0: Ball 2-0: Ground out 6-3 (Groundball, 6S)
|
Bottom of the 1st over - 3 run(s), 4 hit(s), 0 error(s), 2 left on base; Irvine 0 - San Francisco 3 |
TOP OF THE 2ND |
Irvine Gang Green batting - Pitching for San Francisco Bandits : LHP Pancho Guerrero
|
Batting: RHB Tom Doherty
|
0-0: Swinging Strike 0-1: Ball 1-1: Foul Ball, location: 2F 1-2: Strikes out looking
|
Batting: LHB José Sánchez
|
0-0: Ball 1-0: Called Strike 1-1: Ball 2-1: Called Strike 2-2: Fly out, F6 (Line Drive, 6)
|
Batting: RHB Aaron Wilson
|
0-0: Ball 1-0: Ball 2-0: Called Strike 2-1: Ball 3-1: Foul Ball, location: 2F 3-2: Ground out 5-3 (Groundball, 5L)
|
Top of the 2nd over - 0 run(s), 0 hit(s), 0 error(s), 0 left on base; Irvine 0 - San Francisco 3 |
BOTTOM OF THE 2ND |
San Francisco Bandits batting - Pitching for Irvine Gang Green : RHP Jung Chwa
|
Batting: RHB Miguel Mendoza
|
0-0: Ball 1-0: Called Strike 1-1: Ground out 6-3 (Groundball, 6M)
|
Batting: RHB Jorge Díaz
|
0-0: Called Strike 0-1: Ball 1-1: Called Strike 1-2: Ball 2-2: Strikes out swinging
|
Batting: LHB Jerry Bryan
|
0-0: Fly out, F7 (Flyball, 7S)
|
Bottom of the 2nd over - 0 run(s), 0 hit(s), 0 error(s), 0 left on base; Irvine 0 - San Francisco 3 |
TOP OF THE 3RD |
Irvine Gang Green batting - Pitching for San Francisco Bandits : LHP Pancho Guerrero
|
Batting: LHB Jesús Campos
|
0-0: Ball 1-0: SINGLE (Flyball, 8RS)
|
Batting: RHB José Salazar
|
0-0: Ball 1-0: Foul Ball, location: 2F 1-1: Ball 2-1: Foul Ball, location: 2F 2-2: SINGLE (Flyball, 8LS) Jesús Campos to second
|
Batting: RHB Buck Jones
|
0-0: Ball 1-0: Foul Ball, location: 2F 1-1: Ball 2-1: Ball 3-1: Called Strike 3-2: Grounds into double play, U5-3 (Groundball, 5L) José Salazar to second
|
Batting: LHB Víctor Quiñones
|
0-0: Foul Ball, location: 2F 0-1: Called Strike 0-2: Foul Ball, location: 2F 0-2: Foul Ball, location: 2F 0-2: Foul Ball, location: 2F 0-2: Foul Ball, location: 2F 0-2: Ball 1-2: Ground out 4-3 (Groundball, 4S)
|
Top of the 3rd over - 0 run(s), 2 hit(s), 0 error(s), 1 left on base; Irvine 0 - San Francisco 3 |
BOTTOM OF THE 3RD |
San Francisco Bandits batting - Pitching for Irvine Gang Green : RHP Jung Chwa
|
Batting: LHB Mel Jones
|
0-0: Fly out, F8 (Flyball, 8RS)
|
Batting: RHB Michael Elliott
|
0-0: Ball 1-0: Swinging Strike 1-1: Foul Ball, location: 2F 1-2: SINGLE (Line Drive, 56)
|
Batting: RHB Naomichi Aoki
|
0-0: SINGLE (Line Drive, 8LS) Michael Elliott to second
|
Batting: LHB Jack Hewat
|
0-0: Called Strike 0-1: Grounds into double play, 6-4-3 (Groundball, 6)
|
Bottom of the 3rd over - 0 run(s), 2 hit(s), 0 error(s), 1 left on base; Irvine 0 - San Francisco 3 |
TOP OF THE 4TH |
Irvine Gang Green batting - Pitching for San Francisco Bandits : LHP Pancho Guerrero
|
Batting: RHB Eichiro Yamamoto
|
0-0: Fly out, F7 (Flyball, 78M)
|
Batting: LHB Jorge Martínez
|
0-0: Foul Ball, location: 2F 0-1: Ball 1-1: Swinging Strike 1-2: Ball 2-2: Foul Ball, location: 2F 2-2: Foul Ball, location: 2F 2-2: Foul Ball, location: 2F 2-2: Foul Ball, location: 2F 2-2: Ball 3-2: SINGLE (Groundball, 3D)
|
Batting: RHB Tom Doherty
|
0-0: Fly out, F8 (Flyball, 8RM)
|
Batting: LHB José Sánchez
|
0-0: Foul Ball, location: 2F 0-1: Ball 1-1: Swinging Strike 1-2: Foul Ball, location: 2F 1-2: Reached via error on a dropped throw, E3 Jorge Martínez to second
|
Batting: RHB Aaron Wilson
|
0-0: Fielders Choice at 2nd, 4-6 (Groundball, 4)
|
Top of the 4th over - 0 run(s), 1 hit(s), 1 error(s), 1 left on base; Irvine 0 - San Francisco 3 |
BOTTOM OF THE 4TH |
San Francisco Bandits batting - Pitching for Irvine Gang Green : RHP Jung Chwa
|
Batting: LHB Alberto Gómez
|
0-0: Called Strike 0-1: SINGLE (Flyball, 78S)
|
Batting: RHB Gustavo Ortíz
|
0-0: Ball 1-0: Ball 2-0: Ball 3-0: Called Strike 3-1: Foul Ball, location: 2F 3-2: Foul Ball, location: 2F 3-2: Fly out, F7 (Line Drive, 78M)
|
Batting: RHB Miguel Mendoza
|
0-0: Called Strike 0-1: Called Strike 0-2: Ball 1-2: Strikes out looking
|
Batting: RHB Jorge Díaz
|
0-0: SINGLE (Line Drive, 89S) Alberto Gómez to second Runner from 2nd tries for 3rd, SAFE, no throw
|
Batting: LHB Jerry Bryan
|
Pickoff Throw to First - Error! E1 Alberto Gómez scores Jorge Díaz to second 0-0: Swinging Strike 0-1: Called Strike 0-2: Ball 1-2: Strikes out swinging
|
Bottom of the 4th over - 1 run(s), 2 hit(s), 1 error(s), 1 left on base; Irvine 0 - San Francisco 4 |
TOP OF THE 5TH |
Irvine Gang Green batting - Pitching for San Francisco Bandits : LHP Pancho Guerrero
|
Batting: LHB Jesús Campos
|
0-0: Called Strike 0-1: Foul Ball, location: 2F 0-2: Strikes out swinging
|
Batting: RHB José Salazar
|
0-0: Ball 1-0: Ground out 6-3 (Groundball, 6)
|
Batting: RHB Buck Jones
|
0-0: SINGLE (Flyball, 8RS)
|
Batting: LHB Víctor Quiñones
|
0-0: Ball 1-0: Swinging Strike 1-1: Ball 2-1: Foul Ball, location: 2F 2-2: Foul Ball, location: 2F 2-2: Ball 3-2: Fly out, F7 (Flyball, 7D)
|
Top of the 5th over - 0 run(s), 1 hit(s), 0 error(s), 1 left on base; Irvine 0 - San Francisco 4 |
BOTTOM OF THE 5TH |
San Francisco Bandits batting - Pitching for Irvine Gang Green : RHP Jung Chwa
|
Pitching: RHP Howard Green
|
|
Batting: LHB Mel Jones
|
0-0: Ball 1-0: Ground out 4-3 (Groundball, 4MD)
|
Batting: RHB Michael Elliott
|
0-0: Ball 1-0: Swinging Strike 1-1: Foul Ball, location: 2F 1-2: Fly out, F8 (Line Drive, 8LD)
|
Batting: RHB Naomichi Aoki
|
0-0: Called Strike 0-1: Foul Ball, location: 2F 0-2: Ball 1-2: Foul Ball, location: 2F 1-2: Strikes out looking
|
Bottom of the 5th over - 0 run(s), 0 hit(s), 0 error(s), 0 left on base; Irvine 0 - San Francisco 4 |
TOP OF THE 6TH |
Irvine Gang Green batting - Pitching for San Francisco Bandits : LHP Pancho Guerrero
|
Batting: RHB Eichiro Yamamoto
|
0-0: Ball 1-0: Ball 2-0: Foul Ball, location: 2F 2-1: Ball 3-1: Base on Balls
|
Batting: LHB Jorge Martínez
|
0-0: SINGLE (Groundball, 4MD) Eichiro Yamamoto to second Runner from 2nd tries for 3rd, SAFE, throw made to third
|
Batting: RHB Tom Doherty
|
0-0: Swinging Strike 0-1: Ball 1-1: Swinging Strike 1-2: Ball 2-2: Grounds into double play, 5-4-3 (Groundball, 56) Eichiro Yamamoto scores
|
Batting: LHB José Sánchez
|
0-0: Ball 1-0: Fly out, F5 (Popup, 5L)
|
Top of the 6th over - 1 run(s), 1 hit(s), 0 error(s), 0 left on base; Irvine 1 - San Francisco 4 |
BOTTOM OF THE 6TH |
San Francisco Bandits batting - Pitching for Irvine Gang Green : RHP Howard Green
|
Batting: LHB Jack Hewat
|
0-0: SINGLE (Line Drive, 78S)
|
Batting: LHB Alberto Gómez
|
0-0: Foul Ball, location: 2F 0-1: Ball 1-1: Ball 2-1: Swinging Strike 2-2: Strikes out swinging
|
Batting: RHB Gustavo Ortíz
|
0-0: Grounds into double play, 5-4-3 (Groundball, 56)
|
Bottom of the 6th over - 0 run(s), 1 hit(s), 0 error(s), 0 left on base; Irvine 1 - San Francisco 4 |
TOP OF THE 7TH |
Irvine Gang Green batting - Pitching for San Francisco Bandits : LHP Pancho Guerrero
|
Pitching: RHP Mal Park
|
|
Batting: RHB Aaron Wilson
|
0-0: Foul Ball, location: 2F 0-1: Called Strike 0-2: Ground out 6-3 (Groundball, 6S)
|
Batting: LHB Jesús Campos
|
0-0: SINGLE (Flyball, 8RS)
|
Batting: RHB José Salazar
|
0-0: Ball 1-0: Called Strike 1-1: Foul Ball, location: 2F 1-2: Ball 2-2: Fly out, F8 (Line Drive, 8LD)
|
Batting: RHB Buck Jones
|
0-0: Ball 1-0: Ball 2-0: Foul Ball, location: 2F 2-1: Ground out 5-3 (Groundball, 56)
|
Top of the 7th over - 0 run(s), 1 hit(s), 0 error(s), 1 left on base; Irvine 1 - San Francisco 4 |
BOTTOM OF THE 7TH |
San Francisco Bandits batting - Pitching for Irvine Gang Green : RHP Howard Green
|
Batting: RHB Miguel Mendoza
|
0-0: Called Strike 0-1: Foul Ball, location: 2F 0-2: Ball 1-2: Strikes out swinging
|
Batting: RHB Jorge Díaz
|
0-0: Ball 1-0: Foul Ball, location: 2F 1-1: Ground out 6-3 (Groundball, 6)
|
Batting: LHB Jerry Bryan
|
0-0: Ball 1-0: Foul Ball, location: 2F 1-1: Foul Ball, location: 2F 1-2: Ball 2-2: Foul Ball, location: 2F 2-2: Strikes out swinging
|
Bottom of the 7th over - 0 run(s), 0 hit(s), 0 error(s), 0 left on base; Irvine 1 - San Francisco 4 |
TOP OF THE 8TH |
Irvine Gang Green batting - Pitching for San Francisco Bandits : RHP Mal Park
|
Now at C: Ángel Hernández
|
|
Batting: LHB Víctor Quiñones
|
0-0: Ball 1-0: Foul Ball, location: 2F 1-1: Ground out 4-3 (Groundball, 4)
|
Batting: RHB Eichiro Yamamoto
|
0-0: DOUBLE (Line Drive, 8RXD)
|
Pitching: RHP Alfonso Martínez
|
|
Batting: LHB Jorge Martínez
|
0-0: Ball 1-0: Ball 2-0: Ball 3-0: Called Strike 3-1: Called Strike 3-2: Foul Ball, location: 2F 3-2: DOUBLE (Flyball, 89XD) Eichiro Yamamoto scores
|
Batting: RHB Tom Doherty
|
0-0: Ground out 4-3 (Groundball, 4) Jorge Martínez to third
|
Pitching: LHP Esteban Peña
|
|
Batting: LHB José Sánchez
|
0-0: Foul Ball, location: 2F 0-1: Ball 1-1: Ball 2-1: Called Strike 2-2: SINGLE (Groundball, 6M) (infield hit) Jorge Martínez scores
|
Pitching: RHP Fernando Llama
|
|
Pinch Hitting: LHB Leonardo Medina
|
0-0: Ball 1-0: Swinging Strike 1-1: Ball 2-1: Foul Ball, location: 2F 2-2: Ball 3-2: Ground out 4-3 (Groundball, 4D)
|
Top of the 8th over - 2 run(s), 3 hit(s), 0 error(s), 1 left on base; Irvine 3 - San Francisco 4 |
BOTTOM OF THE 8TH |
San Francisco Bandits batting - Pitching for Irvine Gang Green : RHP Howard Green
|
Pitching: RHP Kuang-yin Yue
|
|
Now at SS: Rafael González
|
|
Batting: LHB Mel Jones
|
0-0: Ball 1-0: Ball 2-0: Called Strike 2-1: Foul Ball, location: 2F 2-2: Foul Ball, location: 2F 2-2: Ground out 6-3 (Groundball, 6MS)
|
Batting: RHB Michael Elliott
|
0-0: Ball 1-0: Foul Ball, location: 2F 1-1: Ball 2-1: Ball 3-1: Ground out 4-3 (Groundball, 4)
|
Batting: RHB Naomichi Aoki
|
0-0: Called Strike 0-1: Foul Ball, location: 2F 0-2: Fly out, F9 (Flyball, 89S)
|
Bottom of the 8th over - 0 run(s), 0 hit(s), 0 error(s), 0 left on base; Irvine 3 - San Francisco 4 |
TOP OF THE 9TH |
Irvine Gang Green batting - Pitching for San Francisco Bandits : RHP Fernando Llama
|
Pitching: RHP Kunihiko Daikawa
|
|
Batting: LHB Jesús Campos
|
0-0: Ball 1-0: Fly out, F8 (Flyball, 8RS)
|
Batting: RHB José Salazar
|
0-0: Foul Ball, location: 2F 0-1: Called Strike 0-2: Hit by Pitch
|
Batting: RHB Buck Jones
|
0-0: Called Strike 0-1: Ball 1-1: Hit by Pitch José Salazar to second
|
Batting: LHB Víctor Quiñones
|
0-0: Foul Ball, location: 2F 0-1: Swinging Strike 0-2: Ball 1-2: Foul Ball, location: 2F 1-2: Strikes out swinging
|
Batting: RHB Eichiro Yamamoto
|
0-0: Ball 1-0: Swinging Strike 1-1: Swinging Strike 1-2: Strikes out swinging
|
Top of the 9th over - 0 run(s), 0 hit(s), 0 error(s), 2 left on base; Irvine 3 - San Francisco 4 |
|